 Dungeon Crawl Stone Soup version 0.19.0-2-gae57169 (webtiles) character file.

32 Bekkur the Twirler (level 3, 0/27 HPs)
             Began as a Demonspawn Gladiator on Nov 2, 2016.
             Succumbed to an adder's poison
             ... on level 2 of the Dungeon.
             The game lasted 00:02:18 (1066 turns).

Bekkur the Twirler (Demonspawn Gladiator)           Turns: 1066, Time: 00:02:18

Health: 0/27       AC:  4    Str: 15    XL:     3   Next: 8%
Magic:  3/3        EV: 12    Int:  9    God:
Gold:   100        SH:  0    Dex: 12    Spells: 0 memorised, 2 levels left

rFire  . . .     SeeInvis .     a - +0 quarterstaff
rCold  . . .     Gourm    .     b - +0 leather armour
rNeg   + . .     Faith    .     (shield currently unavailable)
rPois  .         Spirit   .     c - +0 helmet
rElec  .         Reflect  .     (no cloak)
rCorr  .         Harm     .     (no gloves)
MR     .....     Rnd*Rage +     (no boots)
Stlth  +.........               (no amulet)
                                (no ring)
                                e - ring of positive energy

@: lethally poisoned (0 -> -13)
A: berserk 1, clumsy 1, powered by pain 1, MP-powered wands
a: no special abilities


You were on level 2 of the Dungeon.
You were hungry.

You visited 1 branch of the dungeon, and saw 2 of its levels.

You collected 100 gold pieces.

Inventory:

Hand Weapons
 a - a +0 quarterstaff (weapon)
Missiles
 d - 3 throwing nets (quivered)
Armour
 b - a +0 leather armour (worn)
 c - a +0 helmet (worn)
Jewellery
 e - a ring of positive energy (left hand)
 m - an uncursed ring of ice
Scrolls
 j - a scroll of random uselessness {unknown}
 k - a scroll of remove curse {unknown}
Comestibles
 f - 2 bread rations
 g - a chunk of flesh
 i - a slice of pizza
 l - a meat ration


   Skills:
 - Level 2.0 Fighting
 + Level 3.9 Staves
 - Level 1.7 Throwing
 - Level 2.6 Dodging


You had 2 spell levels left.
You didn't know any spells.

Dungeon Overview and Level Annotations

Branches:
Dungeon (2/15)

Altars:

Annotations:
D:1 1 runed door
D:2 Ijyb


Innate Abilities, Weirdness & Mutations

You sometimes gain a little power by taking damage.
You tend to lose your temper in combat.
You are clumsy. (Dex -2)
You expend magic power (3 MP) to strengthen your wands.


Message History

You are more poisoned.
The adder poisons you!
You aren't carrying any potions.
You thump the adder!
You kill the adder!
You have reached level 3!
Your experience leads to an increase in your attributes!
Your base attributes are Str 15, Int 9, Dex 13.
Increase (S)trength, (I)ntelligence, or (D)exterity?
You feel agile.
* * * LOW HITPOINT WARNING * * *
You feel sick.
You aren't carrying any potions.
You hit Ijyb.
Ijyb is moderately wounded.
* * * LOW HITPOINT WARNING * * *
You feel sick. Ijyb hits you but does no damage.
You sock Ijyb!
Ijyb is heavily wounded.
You die...

##### ##### #...# ......
#...## ...... #....##
######...... #.....####
##...........
#...#....####..###.......
###.......@g.............
##......##.......#..#.#
#..................#
######..).......<######.#
#.................. #
#.#.#........#..##..
#####.#....#..##....# %.?
..#.................. ..
....####.......##


You could see Ijyb.

Vanquished Creatures
  An adder (D:2)
  A leopard gecko (D:1)
  2 giant cockroaches (D:1)
  4 hobgoblins (D:1)
  2 bats (D:1)
  3 frilled lizards (D:1)
  2 goblins (D:1)
  6 kobolds (D:1)
  2 rats
23 creatures vanquished.

Notes
Turn   | Place    | Note
-------+----------+-------------------------------------------
     0 | D:1      | Bekkur the Demonspawn Gladiator began the quest for the Orb.
     0 | D:1      | Reached XP level 1. HP: 16/16 MP: 1/1
     6 | D:1      | Found a runed door.
    53 | D:1      | Reached skill level 3 in Staves
   328 | D:1      | Gained mutation: You sometimes gain a little power by taking damage. [demonic ancestry]
   328 | D:1      | Reached XP level 2. HP: 10/22 MP: 2/2
  1045 | D:2      | Noticed Ijyb
  1063 | D:2      | Gained mutation: You expend magic power (3 MP) to strengthen your wands. [potion of mutation]
  1063 | D:2      | Gained mutation: You are clumsy. (Dex -2) [potion of mutation]
  1063 | D:2      | Gained mutation: You tend to lose your temper in combat. [potion of mutation]
  1064 | D:2      | Reached XP level 3. HP: 4/27 MP: 3/3
  1065 | D:2      | HP: 1/27 [poisoned by an adder]
  1066 | D:2      | Succumbed to an adder's poison

Skill      XL: |  1 |
---------------+----+-----
Staves         | 3 |  3.9
Fighting       | |  2.0
Throwing       | |  1.7
Dodging        | |  2.6

Action                   || total
-------------------------++-------
Melee: Quarterstaff      ||    76
  Use: Scroll            ||     2
       Potion            ||     1
Armor: Leather armour    ||    20
Dodge: Dodged            ||    49
